 Dungeon Crawl Stone Soup version 0.31-a0-1074-g0b22e4e0f1 (webtiles) character file.

Game seed: 15178924080279190006

39 IdlyInterested the Charlatan (level 3, -2/28 HPs)
             Began as a Demonspawn Artificer on Nov 29, 2023.
             Slain by Terence
             ... wielding a +1 flail of protection
              (10 damage)
             ... on level 2 of the Dungeon.
             The game lasted 00:03:49 (1130 turns).

IdlyInterested the Charlatan (Demonspawn Artificer) Turns: 1130, Time: 00:03:51

Health: -2/28      AC:  5    Str: 14    XL:     3   Next: 26%
Magic:  3/3        EV: 10    Int: 12    God:
Gold:   53         SH:  0    Dex: 13    Spells: 2/2 levels left

rFire   . . .        j - +0 spear
rCold   . . .        (no shield)
rNeg    . . .        a - +0 ring mail
rPois   .            (helmet restricted)
rElec   .            (no cloak)
rCorr   .            (no gloves)
SInv    .            (no boots)
Will    +....        (no amulet)
Stlth   +            i - ring of willpower
HPRegen 0.24/turn    (no ring)
MPRegen 0.08/turn

%: no passive effects
@: no status effects
A: horns 1, ignite blood 1
a: no special abilities


You were on level 2 of the Dungeon.
You visited 1 branch of the dungeon, and saw 2 of its levels.

You collected 53 gold pieces.

Inventory:

Hand Weapons
 j - a +0 spear (weapon)
Missiles
 f - 15 stones (quivered)
Armour
 a - a +0 ring mail (worn)
 b - a +0 leather armour
Jewellery
 i - a ring of willpower (left hand)
Wands
 c - a wand of flame (14)
 d - a wand of charming (12)
 e - a wand of iceblast (5)
Scrolls
 g - 2 scrolls of identify {unknown}
 h - a scroll of fog {unknown}
 k - a scroll of revelation {unknown}


   Skills:
 * Level 2.5 Fighting
 - Level 2.0 Armour
 - Level 1.0 Dodging
 - Level 0.8 Stealth
 + Level 3.4 Evocations


You had 2 spell levels left.
You didn't know any spells.
Your spell library was empty.

Dungeon Overview and Level Annotations

Branches:
Dungeon (2/15)

Altars:

Annotations:
D:2 Terence


Innate Abilities, Weirdness & Mutations

You have a pair of small horns on your head.
Your demonic aura sometimes causes spilled blood to erupt in flames.


Message History

Found 3 gold pieces and a scroll labelled GOTRIC PYZIL.
The bat attacks as it pursues you! The bat hits you but does no damage. x3
Found three items.
The bat barely misses you. The bat hits you but does no damage. x2
The bat hits you but does no damage.
You hit the bat.
You kill the bat!
You now have 50 gold pieces (gained 8).
There are no items here.
You now have 53 gold pieces (gained 3).
k - a scroll labelled GOTRIC PYZIL
Found Plato's Enchiridion on Companions.
Found a faded altar of an unknown god.
g - 2 scrolls labelled LUYCOMNOME (gained 1)
Found a sedimented orange potion.
An adder comes into view.
The adder hisses angrily.
A goblin comes into view. It is wielding a +0 club.
You see here a scroll labelled VOJETE HUYHYT.
The goblin shouts!
Terence is no longer charmed.
Terence shouts, "Now you die!"
Terence hits you with a +1 flail of protection!
Terence is engulfed in blazing flames.
The adder barely misses you.
The goblin unwields a +0 club.
The goblin wields a +0 sling.
The goblin shoots a sling bullet.
The sling bullet barely misses you.
Terence is engulfed in blazing flames.
The adder misses you. The adder bites you. Terence attacks as he pursues you!
Terence hits you with a +1 flail of protection.
* * * LOW HITPOINT WARNING * * *
The goblin shoots a sling bullet.
The sling bullet barely misses you.
The sling bullet barely misses Terence.
Aiming: Charm
Press: ? - help, Shift-Dir - straight line, f - adder
Aim: an adder (chance to affect: 67%)
The adder struggles to resist.
The adder bites you but does no damage.
Terence hits you with a +1 flail of protection!
You die...
Terence says, "Rest in peace."

##### # ##...# #. ....#
...##^..# . #.....# #..
#.##...# #..#.#..^g@##
#.#.#.##..S@#
#.#.#.#...#.###
#.#.#.#_^.#...#
#.#P#.#.^.###?#
#.#.#.##^.###.#######
#..#.#.....##.......#
#####..P#.##^...#.......#
#........#.P..#.........#


You could see Terence, an adder and a goblin.

Vanquished Creatures
  A ball python (D:1)
  4 endoplasms (D:1)
  A giant cockroach (D:1)
  3 goblins (D:1)
  2 hobgoblins (D:1)
  6 jackals (D:1)
  2 quokkas (D:1)
  6 bats
  3 frilled lizards
  2 kobolds (D:1)
  3 rats
33 creatures vanquished.

Vanquished Creatures (collateral kills)
  An endoplasm (D:2)
  A hobgoblin (D:1)
2 creatures vanquished.

Grand Total: 35 creatures vanquished

Notes
Turn   | Place    | Note
-------+----------+-------------------------------------------
     0 | D:1      | IdlyInterested the Demonspawn Artificer began the quest for
                  | the Orb.
     0 | D:1      | Reached XP level 1. HP: 15/15 MP: 1/1
   271 | D:1      | Gained mutation: You have a pair of small horns on your
                  | head. [demonic ancestry]
   271 | D:1      | Reached XP level 2. HP: 9/21 MP: 2/2
   318 | D:1      | Reached skill level 1 in Dodging
   729 | D:1      | Gained mutation: Your demonic aura sometimes causes spilled
                  | blood to erupt in flames. [demonic ancestry]
   729 | D:1      | Reached XP level 3. HP: 27/28 MP: 3/3
  1065 | D:2      | Noticed Terence
  1119 | D:2      | Found a faded altar of an unknown god.
  1130 | D:2      | Slain by Terence

Illustrated notes

Levels and vault maps discovered:
D:1:      lemuel_arrival_cross, layout_basic
D:2:      layout_rooms, shapermc_ecumenical_altar_rom_forum,
          minmay_misc_feat_ornament, uniq_terence

Skill      XL: |  1  2 |
---------------+-------+-----
Armour         | 2 |  2.0
Dodging        | 1 |  1.0
Fighting       | 2 |  2.5
Stealth        | |  0.8
Evocations     | |  3.4

Action                     || total
---------------------------++-------
  Melee: Club              ||   110
         Headbutt          ||    12
         Spear             ||    40
         Punch             ||     1
  Throw: Stone             ||     2
  Evoke: Wand              ||     4
   Stab: Sleeping          ||     1
 Armour: Leather armour    ||   108
         Ring mail         ||    18
  Dodge: Dodged            ||   123

Table legend: (Time is in decaauts)
 A = Elapsed time spent in this place.
 B = Non-inter-level travel time spent in this place.
 C = Inter-level travel time spent in this place.
 D = Time resting spent in this place.
 E = Time spent auto-exploring this place.
 F = Levels seen in this place.
 G = Mean time per level.
                   A        B        C        D        E       F      G
               +--------+--------+--------+--------+--------+-----+--------+
         Total |   1166 |   1139 |     27 |    232 |    409 |   2 |  583.0 |
       Dungeon |   1166 |   1139 |     27 |    232 |    409 |   2 |  583.0 |
               +--------+--------+--------+--------+--------+-----+--------+

Top non-repeatable levels by time:
     D:1: 1057 daAuts
     D:2: 108 daAuts
